 Dungeon Crawl Stone Soup version 0.29-a0-338-g1ff7896281 (webtiles) character file.

Game seed: 74807119263812915

436 Jortsu the Cudgeller (level 6, 0/61 HPs)
             Began as a Troll Fighter on Apr 19, 2022.
             Slain by an orc warrior
             ... wielding a +0 long sword
              (14 damage)
             ... on level 6 of the Dungeon.
             The game lasted 00:05:06 (1829 turns).

Jortsu the Cudgeller (Troll Fighter)                Turns: 1829, Time: 00:05:06

Health: 0/61       AC:  4    Str: 29    XL:     6   Next: 68%
Magic:  5/5        EV:  9    Int:  6    God:
Gold:   80         SH:  7    Dex:  9    Spells: 5/5 levels left

rFire   + . .      SeeInvis .   j - +4 flail
rCold   + . .      Faith    .   c - +0 kite shield
rNeg    . . .      Spirit   .   b - +0 robe
rPois   .          Reflect  .   (helmet restricted)
rElec   .          Harm     .   (no cloak)
rCorr   .          Rampage  .   (gloves unavailable)
Will    .....                   (boots unavailable)
Stlth   +.........              (no amulet)
HPRegen 1.00/turn               (no ring)
MPRegen 0.09/turn               (no ring)

@: mighty
A: large, unfitting armour, claws 3, regeneration 1, shaggy fur 1, tough skin 1,
clever 1, cold resistance 1, fire resistance 1, strong 1
a: no special abilities


You were on level 6 of the Dungeon.
You visited 1 branch of the dungeon, and saw 4 of its levels.

You collected 80 gold pieces.

Inventory:

Hand Weapons
 a - a +0 flail
 j - a +4 flail (weapon)
 u - a +0 giant club
Missiles
 f - a throwing net (quivered)
Armour
 b - a +0 robe (worn)
 c - a +0 kite shield (worn)
Wands
 e - a wand of polymorph (3)
 k - a wand of acid (8)
 n - a wand of flame (16)
Scrolls
 g - a scroll of summoning
 p - 2 scrolls of fear
 q - a scroll of identify
 r - a scroll of noise {unknown}
 s - a scroll of enchant armour {unknown}
 t - a scroll of blinking {unknown}
Potions
 h - 2 potions of mutation
 i - 6 potions of heal wounds
 l - 3 potions of brilliance
 m - a potion of haste
 o - a potion of attraction {unknown}


   Skills:
 + Level 3.1 Fighting
 + Level 4.5 Maces & Flails
 + Level 3.4 Dodging
 + Level 0.2 Stealth
 + Level 3.6 Shields


You had 5 spell levels left.
You didn't know any spells.
Your spell library contained the following spells:

 Spells                   Type           Power      Damage    Failure   Level
 Magic Dart               Conj           0%         1d3       75%         1
 Ensorcelled Hibernation  Hex/Ice        0%         N/A       87%         2
 Passwall                 Tmut/Erth      0%         N/A       87%         2
 Scorch                   Fire           0%         2d5       87%         2
 Searing Ray              Conj           0%         2d4       87%         2
 Swiftness                Air            0%         N/A       98%         3
 Flame Wave               Conj/Fire      0%         2d4       100%        4
 Fulminant Prism          Conj/Hex       0%         3d6       100%        4
 Summon Cactus Giant      Summ           0%         N/A       100%        6


Dungeon Overview and Level Annotations

Branches:
Dungeon (3/15)

Altars:
Ru


Innate Abilities, Weirdness & Mutations

You are too large for most types of armour.
You have claws for hands.
Your natural rate of healing is unusually fast.
You are covered in fur. (AC +1)
You have tough skin. (AC +1)
Your mind is acute. (Int +2)
Your flesh is cold resistant. (rC+)
Your flesh is heat resistant. (rF+)
Your muscles are strong. (Str +2)


Message History

The centaur is heavily wounded.
The centaur hits you. You block the centaur's attack.
The centaur closely misses you. The centaur barely misses you.
You closely miss the centaur.
The centaur is heavily wounded.
You block the centaur's attack. The centaur closely misses you.
The centaur hits you. The centaur closely misses you.
You hit the centaur.
The centaur is heavily wounded.
The centaur hits you.
The centaur kicks you but does no damage.
The centaur hits you. You block the centaur's attack.
You sock the centaur!
You kill the centaur!
You see here a +0 shortbow.
You start resting.
HP restored.
An orc warrior comes into view. It is wielding a +0 long sword.
The orc warrior shouts!
You see here a +0 shortbow.
You feel very mighty all of a sudden. The orc warrior closely misses you.
You closely miss the orc warrior.
The orc warrior hits you with a +0 long sword!
You completely miss the orc warrior.
The orc warrior hits you with a +0 long sword!!
You closely miss the orc warrior.
The orc warrior hits you but does no damage.
The orc warrior hits you with a +0 long sword!
* * * LOW HITPOINT WARNING * * *
You closely miss the orc warrior. You block the orc warrior's attack.
You completely miss the orc warrior.
The orc warrior hits you with a +0 long sword.
* * * LOW HITPOINT WARNING * * *
You barely miss the orc warrior.
The orc warrior hits you with a +0 long sword.
* * * LOW HITPOINT WARNING * * *
You completely miss the orc warrior. The orc warrior completely misses you.
The orc warrior hits you with a +0 long sword!
You die...

#..... #.........#..
#.... #.........#..
.... ###'###...#..
###'#####...####'#..
#...........#....#..
#...........#....#..
#...........#.......
#......##...##.#....
#..@...#############
#..o....# #.).....#
#.......# #......##
#.###### ##### #.#
#.... #.# #.... #.#
#....


You could see an orc warrior.

Vanquished Creatures
  An ogre (D:6)
  A centaur (D:6)
  A bullfrog (D:6)
  8 gnolls
  7 adders
  A shadow imp (D:6)
  2 dart slugs
  3 orcs
  5 bats
  4 endoplasms (D:1)
  A giant cockroach (D:1)
  4 goblins
  6 hobgoblins
  2 quokkas (D:2)
  9 ball pythons
  3 frilled lizards
  A kobold (D:2)
  6 rats
65 creatures vanquished.

Notes
Turn   | Place    | Note
-------+----------+-------------------------------------------
     0 | D:1      | Jortsu the Troll Fighter began the quest for the Orb.
     0 | D:1      | Reached XP level 1. HP: 22/22 MP: 0/0
   141 | D:1      | Reached XP level 2. HP: 29/29 MP: 1/1
   196 | D:1      | Reached skill level 2 in Maces & Flails
   407 | D:1      | Found a faded altar of an unknown god.
   418 | D:1      | Prayed at the altar of an unknown god.
   418 | D:1      | Became a worshipper of Ru the Awakened
   419 | D:1      | Fell from the grace of Ru
   587 | D:1      | Reached XP level 3. HP: 23/36 MP: 2/2
   747 | D:2      | Reached XP level 4. HP: 19/44 MP: 3/3
  1084 | D:2      | Gained mutation: You have hidden genetic potential. [potion
                  | of mutation]
  1084 | D:2      | Gained mutation: Your mind is acute. (Int +2) [potion of
                  | mutation]
  1084 | D:2      | Gained mutation: Your flesh is cold resistant. (rC+)
                  | [potion of mutation]
  1124 | D:3      | Reached skill level 3 in Maces & Flails
  1221 | D:2      | Reached XP level 5. HP: 30/50 MP: 4/4
  1278 | D:3      | Gained mutation: Your muscles are strong. (Str +2) [hidden
                  | potential]
  1599 | D:3      | You fall into a shaft and drop 3 floors!
  1662 | D:6      | Noticed an ogre
  1667 | D:6      | Killed an ogre
  1668 | D:6      | Reached skill level 4 in Maces & Flails
  1668 | D:6      | Reached XP level 6. HP: 59/61 MP: 5/5
  1683 | D:6      | Gained mutation: Your flesh is heat resistant. (rF+)
                  | [hidden potential]
  1683 | D:6      | Lost mutation: You have hidden genetic potential. [hidden
                  | potential expressed]
  1800 | D:6      | Noticed an orc warrior
  1829 | D:6      | Slain by an orc warrior

Illustrated notes

Levels and vault maps discovered:
D:1:      dpeg_arrival_oval, layout_basic, basic_ecumenical_altar
D:2:      layout_basic
D:3:      layout_rooms, minmay_misc_feat_secret_circle
D:6:      layout_gridville, kennysheep_orc_sif_temple, okawaru_gym_becter

Skill      XL: |  1  2  3  4  5 |
---------------+----------------+-----
Maces & Flails | 2 3 4 |  4.5
Shields        | 3 |  3.6
Dodging        | 3 |  3.4
Fighting       | 3 |  3.1
Stealth        | |  0.2

Action                   |  1- 3 |  4- 6 || total
-------------------------+-------+-------++-------
Melee: Flail             |    84 |    90 ||   174
Invok: Renounce Religion |     1 |       ||     1
  Use: Scroll            |     3 |     3 ||     6
       Potion            |       |     3 ||     3
Armor: Robe              |    53 |    28 ||    81
Dodge: Dodged            |    41 |    32 ||    73
Block: Kite shield       |    51 |    46 ||    97

Table legend: (Time is in decaauts)
 A = Elapsed time spent in this place.
 B = Non-inter-level travel time spent in this place.
 C = Inter-level travel time spent in this place.
 D = Time resting spent in this place.
 E = Time spent auto-exploring this place.
 F = Levels seen in this place.
 G = Mean time per level.
                   A        B        C        D        E       F      G
               +--------+--------+--------+--------+--------+-----+--------+
         Total |   1897 |   1851 |     46 |     48 |   1035 |   4 |  474.2 |
       Dungeon |   1897 |   1851 |     46 |     48 |   1035 |   4 |  474.2 |
               +--------+--------+--------+--------+--------+-----+--------+

Top non-repeatable levels by time:
     D:1: 673 daAuts
     D:2: 509 daAuts
     D:3: 477 daAuts
     D:6: 236 daAuts
